 Dungeon Crawl Stone Soup version 0.27-a0-242-ge0fc76b88b (webtiles) character file.

Game seed: 13234556613892295839

151620 heikuro the Severer (level 18, -11/139 (145) HPs)
             Began as a Formicid Abyssal Knight on Nov 19, 2020.
             Was the Champion of Lugonu.
             Killed by an exploding bloated husk (26 damage)
             ... on level 4 of the Swamp on Feb 2, 2021.
             The game lasted 01:49:55 (44586 turns).

heikuro the Severer (Formicid Abyssal Knight)      Turns: 44586, Time: 01:49:56

HP:   -11/139 (145) AC: 26    Str: 23    XL:     18   Next: 18%
MP:   28/28         EV: 22    Int: 14    God:    Lugonu [******]
Gold: 2917          SH: 24    Dex: 10    Spells: 17/17 levels left

rFire    . . .     SeeInvis +   H - +11 battleaxe "Burocke" {pain, rC+}
rCold    + + .     Faith    .   V - +1 tower shield {reflect}
rNeg     . . .     Spirit   .   p - +3 plate armour
rPois    +         Reflect  +   (helmet unavailable)
rElec    .         Harm     .   u - +2 cloak
rCorr    +         Rampage  .   s - +0 pair of gloves
Will     +....                  S - +0 pair of boots
Stlth    ..........             T - amulet of the acrobat
HPRegen  0.33/turn              Y - ring of poison resistance
MPRegen  0.21/turn              P - ring of resist corrosion

@: lethally poisoned (-11 -> -13), acrobat, lightly drained
A: permanent stasis, dig shafts and tunnels, four strong arms, antennae 3, claws
1, large bone plates 1, cold resistance 1
a: Dig, Shaft Self, Renounce Religion, Depart the Abyss, Bend Space, Banish,
Corrupt, Enter the Abyss, Brand Weapon With Distortion


You were on level 4 of the Swamp.
You worshipped Lugonu.
Lugonu was exalted by your worship.
You visited 5 branches of the dungeon, and saw 28 of its levels.
You visited the Abyss 1 time.
You also visited: Ice Cave and Volcano.

You collected 3787 gold pieces.
You spent 870 gold pieces at shops.

Inventory:

Hand Weapons
 h - a +1 great mace of flaming
 H - the +11 battleaxe "Burocke" (weapon) {pain, rC+}
   (You bought it in a shop on level 5 of the Dungeon)

   In the hands of one skilled in necromantic magic, it inflicts extra damage on
   living creatures.
   It protects you from cold.
Missiles
 g - 4 throwing nets
 A - 122 poisoned darts (quivered)
 G - 6 curare-tipped darts
Armour
 p - a +3 plate armour (worn)
 s - a +0 pair of gloves (worn)
 t - a +1 chain mail of fire resistance
 u - a +2 cloak (worn)
 S - a +0 pair of boots (worn)
 V - a +1 tower shield of reflection (worn)
Jewellery
 e - an uncursed ring of protection from cold
 i - a +4 ring of evasion
 w - a +4 ring of protection
 D - an uncursed ring of fire
 I - the ring "Xadu" {rC+ Will+++ Dex-3}
   (You found it on level 6 of the Lair of Beasts)

   [ring of protection from cold]

   It affects your dexterity (-3).
   It protects you from cold.
   It affects your willpower, your defense against some magical effects.
 P - a ring of resist corrosion (right hand)
 Q - an uncursed ring of willpower
 T - an amulet of the acrobat (around neck)
 Y - a ring of poison resistance (left hand)
Wands
 b - a wand of acid (21)
 z - a wand of paralysis (12)
 C - a wand of charming (19)
 J - a wand of mindburst (15)
 L - a wand of flame (37)
 N - a wand of digging (18)
 O - a wand of iceblast (10)
Scrolls
 c - 3 scrolls of magic mapping
 d - 16 scrolls of remove curse
 k - 4 scrolls of fear
 m - 5 scrolls of fog
 o - 2 scrolls of immolation
 y - 5 scrolls of enchant armour
 E - 6 scrolls of enchant weapon
 R - 14 scrolls of identify
 W - 3 scrolls of amnesia
Potions
 a - 5 potions of flight
 f - 3 potions of resistance
 j - a potion of might
 n - 13 potions of curing
 q - 8 potions of lignification
 r - a potion of magic
 v - 3 potions of brilliance
 x - 5 potions of heal wounds
 B - a potion of ambrosia
 U - 2 potions of invisibility
Miscellaneous
 l - a lightning rod (4/4)
 F - a phial of floods
 K - a box of beasts
 M - a tin of tremorstones (2/2)
 X - a condenser vane


   Skills:
 + Level 13.9 Fighting
 * Level 17.0 Axes
 + Level 13.6 Armour
 - Level 1.0 Dodging
 + Level 14.0 Shields
 + Level 14.6 Invocations
 + Level 8.6 Evocations


You had 17 spell levels left.
You didn't know any spells.
Your spell library contained the following spells:

 Spells                   Type           Power        Failure   Level
 Animate Skeleton         Necr           0%           97%         1
 Apportation              Tloc           0%           97%         1
 Beastly Appendage        Tmut           0%           97%         1
 Corona                   Hex            0%           97%         1
 Foxfire                  Conj/Fire      0%           97%         1
 Shock                    Conj/Air       0%           97%         1
 Sting                    Tmut/Pois      0%           97%         1
 Summon Small Mammal      Summ           0%           97%         1
 Poisonous Vapours        Pois/Air       0%           99%         2
 Slow                     Hex            0%           99%         2
 Wereblood                Tmut           0%           99%         2
 Confusing Touch          Hex            0%           100%        3
 Gell's Gravitas          Tloc           0%           100%        3
 Ignite Poison            Fire/Tmut/Pois 0%           100%        3
 Inner Flame              Hex/Fire       0%           100%        3
 Mephitic Cloud           Conj/Pois/Air  0%           100%        3
 Portal Projectile        Hex/Tloc       0%           100%        3
 Spider Form              Tmut/Pois      0%           100%        3
 Static Discharge         Conj/Air       0%           100%        3
 Airstrike                Air            0%           100%        4
 Animate Armour           Summ/Erth      0%           100%        4
 Cause Fear               Hex            0%           100%        4
 Ice Form                 Ice/Tmut       0%           100%        4
 Leda's Liquefaction      Hex/Erth       0%           100%        4
 Olgreb's Toxic Radiance  Pois           0%           100%        4
 Petrify                  Tmut/Erth      0%           100%        4
 Blade Hands              Tmut           0%           100%        5
 Bolt of Magma            Conj/Fire/Erth 0%           100%        5
 Lightning Bolt           Conj/Air       0%           100%        5
 Metabolic Englaciation   Hex/Ice        0%           100%        5
 Yara's Violent Unravell  Hex/Tmut       0%           100%        5
 Iron Shot                Conj/Erth      0%           100%        6
 Statue Form              Tmut/Erth      0%           100%        6
 Dragon Form              Tmut           0%           100%        7
 Dragon's Call            Summ           0%           100%        9
 Shatter                  Erth           0%           100%        9
 Swiftness                Air            Unusable     N/A         2

Dungeon Overview and Level Annotations

Branches:
Dungeon (15/15)            Temple (1/1) D:4            Lair (6/6) D:9
  Swamp (4/4) Lair:2        Snake (0/4) Lair:2        Slime (0/5) Lair:6
    Orc (2/2) D:11            Elf (0/3) Orc:2        Vaults (0/5) D:13
 Depths (0/5) D:15          IceCv (visited)         Volcano (visited)

Altars:
Ashenzari
Cheibriados
Dithmenos
Elyvilon
Fedhas
Gozag
Hepliaklqana
Kikubaaqudgha
Makhleb
Nemelex Xobeh
Okawaru
Qazlal
Ru
Sif Muna
Trog
Uskayaw
Vehumet
Wu Jian
Xom
Yredelemnul
Zin
The Shining One
Beogh

Shops:
D:5 (   D:7 !   D:8 *   D:11 (   D:12 }([**   Orc:1 *!?(*   Orc:2 [:**

Portals:
Pandemonium: Orc:2

Annotations:
D:15 exclusion: ice statue
Lair:5 3 runed translucent doors, HilariousDeathArtist's ghost, journeyman MiCj
Swamp:4 exclusion: oklob plant


Innate Abilities, Weirdness & Mutations

You cannot be hasted, slowed, berserked, paralysed or teleported.
You can dig through walls and to a lower floor.
Your four strong arms can wield two-handed weapons with a shield.
You have a pair of large antennae on your head. (SInv)
You have sharp fingernails.
You are partially covered in large bone plates. (SH +4)
Your flesh is cold resistant. (rC+)


Message History

You feel sick.
You feel sick.
You feel sick.
You feel sick.
You feel sick.
You block the spectral four-headed hydra's attack. x2
The spectral four-headed hydra completely misses you.
The spectral four-headed hydra misses you.
The bloated husk explodes!
The blast of putrescent gases engulfs the spectral four-headed hydra!!
The blast of putrescent gases engulfs you!!
* * * LOW HITPOINT WARNING * * *
The blast of putrescent gases engulfs the bloated husk!!
The blast of putrescent gases engulfs the spriggan rider!!
The spriggan rider dies!
The hornet dies!
You hear a splash.
The bloated husk explodes!
The blast of putrescent gases engulfs the spectral four-headed hydra!!
The blast of putrescent gases engulfs you!!
You die...

.≈≈...≈≈≈≈≈≈≈...≈≈≈≈.♣
≈[≈≈...≈≈≈≈≈§.♣≈.≈≈≈≈♣♣
≈.≈§≈...≈≈≈≈≈≈♣♣.≈≈≈≈≈♣
.≈≈≈≈.§.≈≈≈≈≈≈§§≈≈≈≈≈≈♣
.≈≈≈..<)≈≈.≈....≈≈≈≈≈≈♣
..≈≈≈≈≈[≈≈≈.≈≈.≈≈≈≈≈.♣♣
♣.≈≈≈≈≈≈≈≈...≈≈§≈≈≈.♣♣
♣..≈≈≈≈≈≈≈.........♣♣
♣♣♣≈..≈≈≈.≈.≈§..@..♣♣♣♣♣♣♣♣
♣ ♣♣.≈≈≈≈≈....≈≈≈Z...[.≈≈≈♣
≈♣♣.≈≈≈≈≈≈≈...♣≈≈≈≈..≈≈≈≈≈#
♣♣♣♣♣.≈≈≈≈≈..♣♣#≈≈)≈≈≈≈≈≈##
♣♣..≈≈.≈♣♣ #♣#W≈≈≈≈###
♣..≈.♣♣♣ #..≈≈## ♣♣.≈♣♣
#...### ♣♣♣♣ ##..°○# {{{
#...○# { {{


You could see a spectral four-headed hydra and a phantom.

Vanquished Creatures
  Jorgrun (D:11)
  A sphinx (D:14)
  A fenstrider witch (Swamp:3)
  A frost giant (IceCv)
  An emperor scorpion (D:15)
  An angel (D:12)
  2 dire elephants
  4 bunyips
  3 eleionomae
  Snorg (Orc:1)
  An ogre mage (D:13)
  A ghost crab (Swamp:1)
  Harold (D:8)
  2 catoblepae
  5 centaur warriors
  10 hydras
  7 alligators
  A merfolk avatar (Lair:6)
  10 two-headed ogres
  8 orc high priests (Orc:2)
  2 death yaks (IceCv)
  A tengu warrior (Swamp:1)
  A hell knight (Volcano)
  4 skeletal warriors
  6 goliath frogs
  An infernal demonspawn (Orc:2)
  3 unseen horrors
  A spectral hydra (Swamp:4)
  2 spriggan druids (Swamp:4)
  A torturous demonspawn (Orc:2)
  6 swamp dragons
  A sea snake (Lair:6)
  7 bog bodies
  A deep elf zephyrmancer (D:13)
  A deep elf archer (D:13)
  A harpy (Lair:6)
  8 orc sorcerers
  6 orc knights
  A deep elf pyromancer (D:14)
  4 cyclopes
  4 manticores
  6 ugly things
  6 oklob plants
  9 slime creatures
  4 will-o-the-wisps
  2 black mambas
  7 elephants
  Joseph (D:8)
  A torpor snail (Lair:3)
  A rust devil (Orc:2)
  17 cane toads
  2 gargoyles
  15 komodo dragons
  6 yaktaurs
  2 kobold demonologists
  Maggie (Lair:1)
  4 rime drakes
  2 swamp worm zombies (Swamp:4)
  2 efreet
  An ice devil (Orc:2)
  2 tengu conjurers
  A hellwing (Orc:2)
  A red devil (Orc:2)
  12 trolls
  9 tyrant leeches
  A hydra zombie (Swamp:4)
  9 hornets
  14 polar bears
  7 blink frogs (Lair:6)
  4 alligator zombies (Swamp:4)
  A hornet (shapeshifter) (D:14)
  4 dream sheep (Lair:3)
  3 spectral swamp dragons (Swamp:4)
  2 shadows (D:15)
  A centaur simulacrum (D:14)
  A redback (D:14)
  7 fire bats (Volcano)
  A wraith (D:13)
  47 yaks
  5 spriggans
  11 wyverns
  2 vampires
  3 basilisks
  20 vampire mosquitoes
  A neqoxec (Orc:2)
  5 wargs
  16 swamp worms
  2 acid dragons
  4 nagas (Lair:2)
  2 soldier ants (D:13)
  22 water moccasins
  7 ice beasts
  3 swamp drakes
  6 sky beasts
  38 orc warriors
  A swamp dragon zombie (Swamp:4)
  5 black bears
  2 necrophages
  21 wolves
  14 ogres
  11 centaurs
  A phantom (Swamp:4)
  6 big kobolds
  14 bullfrogs
  A wyvern zombie (D:9)
  2 wyvern skeletons
  4 scorpions
  12 killer bees
  6 howler monkeys
  A vampire bat (Lair:3)
  22 wights
  6 lava snakes (Volcano)
  A crimson imp (D:6)
  2 centaur zombies
  2 quasits
  9 hounds
  2 bullfrog zombies (D:11)
  20 orc wizards
  21 orc priests
  4 jellies
  2 bullfrog skeletons (D:13)
  4 centaur skeletons
  Natasha (thrice) (D:3)
  Ijyb (D:3)
  6 iguanas
  14 worker ants
  A hound zombie (D:10)
  3 hound skeletons
  2 gnolls (D:3)
  12 adders
  3 shadow imps
  4 white imps
  3 ufetubi
  An adder skeleton (D:4)
  3 worms
  3 dart slugs (D:1)
  6 leopard geckos
  82 orcs
  19 bats
  6 giant cockroaches
  8 goblins
  10 hobgoblins
  18 jackals
  44 kobolds
  6 quokkas
  A ball python (D:2)
  11 frilled lizards
  A quokka skeleton (D:8)
  A quokka zombie (D:5)
  12 rats
967 creatures vanquished.

Vanquished Creatures (collateral kills)
  A centaur (Volcano)
1 creature vanquished.

Vanquished Creatures (others)
  A spriggan (Swamp:4)
  5 bloated husks
  A hornet (Swamp:4)
  A yak (IceCv)
  2 wolves (IceCv)
  An iguana (Lair:2)
  A bush (D:5)
  25 foxfires
  38 fungi
  144 plants
219 creatures vanquished.

Grand Total: 1187 creatures vanquished

Notes
Turn   | Place    | Note
-------+----------+-------------------------------------------
     0 | Abyss:1  | heikuro the Formicid Abyssal Knight began the quest for the
                  | Orb.
     0 | Abyss:1  | Reached XP level 1. HP: 18/18 MP: 2/2
    86 | Abyss:1  | Noticed a thrashing horror
    86 | Abyss:1  | Noticed a lich
    90 | Abyss:1  | Noticed a cacodemon
    90 | D:1      | Escaped the Abyss
   214 | D:1      | Reached skill level 1 in Dodging
   240 | D:1      | Reached XP level 2. HP: 14/24 MP: 3/3
   519 | D:1      | Reached * piety under Lugonu
   763 | D:1      | Reached XP level 3. HP: 29/29 MP: 4/4
  2007 | D:2      | Reached skill level 3 in Axes
  2007 | D:2      | Reached XP level 4. HP: 15/37 MP: 6/6
  2978 | D:3      | Reached ** piety under Lugonu
  2979 | D:3      | Noticed Natasha
  3611 | D:2      | Reached XP level 5. HP: 29/42 MP: 7/7
  3923 | D:3      | Noticed Ijyb
  3934 | D:3      | Killed Ijyb
  4075 | D:3      | Killed Natasha
  4076 | D:3      | Reached XP level 6. HP: 28/48 MP: 8/8
  4145 | D:3      | Reached skill level 4 in Axes
  4287 | D:3      | Noticed Natasha
  4678 | D:3      | Killed Natasha
  4769 | D:3      | Found an iron altar of Okawaru.
  5164 | D:3      | Noticed Natasha
  5175 | D:3      | Killed Natasha
  5470 | D:4      | Reached XP level 7. HP: 52/55 MP: 10/10
  5878 | D:4      | Reached skill level 5 in Axes
  6191 | D:4      | Found a staircase to the Ecumenical Temple.
  6196 | Temple   | Entered the Ecumenical Temple
  6550 | D:4      | Reached *** piety under Lugonu
  6551 | D:4      | Reached skill level 1 in Shields
  6692 | D:5      | Entered Level 5 of the Dungeon
  6806 | D:4      | Reached skill level 5 in Fighting
  7034 | D:4      | Upgraded the game from 0.26-a0-846-gcc8f1ee719 to
                  | 0.26-a0-863-g3bff4b215c
  7082 | D:5      | Reached XP level 8. HP: 62/62 MP: 11/11
  7085 | D:5      | Upgraded the game from 0.26-a0-863-g3bff4b215c to
                  | 0.27-a0-223-ge082b6e869
  7440 | D:5      | Reached skill level 5 in Invocations
  7608 | D:5      | Reached skill level 6 in Axes
  7865 | D:5      | Found Xaseor's Antique Weapon Shop.
  8072 | D:5      | Reached skill level 5 in Armour
  8152 | D:5      | Found a shimmering blue altar of Sif Muna.
  8957 | D:6      | Reached XP level 9. HP: 27/69 MP: 13/13
  9890 | D:6      | Found a burning altar of Makhleb.
 10105 | D:7      | Reached skill level 7 in Axes
 10669 | D:7      | Reached **** piety under Lugonu
 11649 | D:7      | Found Rukhlaluo's Distillery.
 11994 | D:8      | Noticed Harold
 12324 | D:8      | Reached skill level 8 in Axes
 12484 | D:5      | Bought a warped battleaxe for 299 gold pieces
 12485 | D:5      | Identified the +11 battleaxe "Burocke" {pain, rC+} (You
                  | bought it in a shop on level 5 of the Dungeon)
 12569 | D:8      | Killed Harold
 12570 | D:8      | Reached skill level 5 in Shields
 12570 | D:8      | Reached XP level 10. HP: 72/79 MP: 13/15
 12980 | D:8      | Reached skill level 9 in Axes
 13243 | D:8      | Identified the +1 robe of the Moon Troll {Harm +Blink rF+}
 13302 | D:8      | Noticed Joseph
 13315 | D:8      | Killed Joseph
 13469 | D:8      | Found Yrhaed's General Store.
 13827 | D:9      | Reached ***** piety under Lugonu
 13828 | D:9      | Found a sacrificial altar of Ru.
 14036 | D:9      | Reached XP level 11. HP: 83/86 MP: 15/17
 14200 | D:9      | Reached skill level 10 in Axes
 14444 | D:9      | Found a staircase to the Lair.
 14830 | D:10     | Entered Level 10 of the Dungeon
 15033 | D:10     | Noticed an unseen horror
 15038 | D:10     | Killed an unseen horror
 15375 | D:10     | Found a roughly hewn altar of Beogh.
 15830 | D:11     | Found a frozen archway.
 15839 | IceCv    | Entered an ice cave
 16175 | IceCv    | Reached skill level 11 in Axes
 16175 | IceCv    | Reached XP level 12. HP: 87/95 MP: 18/18
 16187 | IceCv    | Noticed a death yak
 16189 | IceCv    | Noticed a death yak
 16193 | IceCv    | Killed a death yak
 16200 | IceCv    | Killed a death yak
 16605 | IceCv    | Noticed a frost giant
 16620 | IceCv    | Killed a frost giant
 16639 | IceCv    | Reached skill level 10 in Invocations
 17132 | D:11     | Gained mutation: Your magical capacity is low. (-10% MP)
                  | [potion of mutation]
 17132 | D:11     | Gained mutation: You are clumsy. (Dex -2) [potion of
                  | mutation]
 17132 | D:11     | Gained mutation: You are dopey. (Int -2) [potion of
                  | mutation]
 17132 | D:11     | Gained mutation: You have large cloven feet. [potion of
                  | mutation]
 17133 | D:11     | Lost mutation: Your magical capacity is low. (-10% MP)
                  | [potion of mutation]
 17133 | D:11     | Lost mutation: You have large cloven feet. [potion of
                  | mutation]
 17133 | D:11     | Lost mutation: You are clumsy. (Dex -2) [potion of
                  | mutation]
 17133 | D:11     | Gained mutation: Your spells are a little easier to cast,
                  | but a little less powerful. [potion of mutation]
 17133 | D:11     | Gained mutation: Your flesh is cold resistant. (rC+)
                  | [potion of mutation]
 17134 | D:11     | Lost mutation: Your spells are a little easier to cast, but
                  | a little less powerful. [potion of mutation]
 17134 | D:11     | Lost mutation: You are dopey. (Int -2) [potion of mutation]
 17134 | D:11     | Gained mutation: You have sharp fingernails. [potion of
                  | mutation]
 17134 | D:11     | Gained mutation: You are partially covered in large bone
                  | plates. (SH +4) [potion of mutation]
 17151 | D:11     | Reached ****** piety under Lugonu
 17158 | D:11     | Reached skill level 12 in Axes
 17212 | D:11     | Noticed a two-headed ogre
 17240 | D:11     | Killed a two-headed ogre
 17318 | D:11     | Upgraded the game from 0.27-a0-223-ge082b6e869 to
                  | 0.27-a0-242-ge0fc76b88b
 17598 | D:11     | Found Oqanill's Weapon Emporium.
 17598 | D:11     | Found a staircase to the Orcish Mines.
 17630 | D:11     | Reached skill level 10 in Fighting
 17645 | D:11     | Reached XP level 13. HP: 76/103 MP: 20/20
 18643 | D:12     | Found Ecar's Antique Weapon Boutique.
 18643 | D:12     | Noticed Jorgrun
 18729 | D:11     | Killed Jorgrun
 18730 | D:11     | Reached skill level 10 in Armour
 19313 | D:12     | Bought a shimmering battleaxe for 391 gold pieces
 19313 | D:12     | Identified the +3 battleaxe of Broken Luck {vorpal, Stlth+}
                  | (You bought it in a shop on level 12 of the Dungeon)
 19343 | D:12     | Reached skill level 10 in Shields
 19387 | D:12     | Found Qoubb's General Store.
 19441 | D:12     | Found Waodghumn's Antique Armour Emporium.
 19449 | D:12     | Bought a runed tower shield for 180 gold pieces
 19564 | D:12     | Found Duevvyb's General Store.
 19845 | D:12     | Reached skill level 13 in Axes
 19978 | D:12     | Found a white marble altar of Elyvilon.
 19978 | D:12     | Noticed an angel
 19980 | D:12     | Found a runed translucent door.
 20072 | D:12     | Found Fajao's Gadget Shoppe.
 20280 | Lair:1   | Entered Level 1 of the Lair of Beasts
 20411 | Lair:1   | Noticed Maggie
 20424 | Lair:1   | Killed Maggie
 21115 | Lair:1   | Noticed an eight-headed hydra
 21140 | Lair:1   | Killed an eight-headed hydra
 21141 | Lair:1   | Reached XP level 14. HP: 81/113 MP: 22/22
 21966 | Lair:2   | Found a staircase to the Swamp.
 22324 | Lair:2   | Found a staircase to the Snake Pit.
 24015 | Lair:4   | Found a dark tunnel.
 24115 | Volcano  | Entered a volcano
 24277 | Volcano  | Reached skill level 14 in Axes
 24434 | Volcano  | Found a radiant altar of Vehumet.
 24461 | Volcano  | Found a bloodstained altar of Trog.
 25693 | Lair:5   | Found a runed translucent gate.
 25694 | Lair:5   | Found a runed translucent gate.
 25695 | Lair:5   | Found a runed translucent gate.
 25697 | Lair:5   | Noticed HilariousDeathArtist's ghost (journeyman MiCj)
 25775 | Lair:5   | Found a sparkling altar of Nemelex Xobeh.
 25897 | Lair:5   | Reached skill level 1 in Evocations
 26448 | Lair:6   | Entered Level 6 of the Lair of Beasts
 26682 | Lair:6   | Noticed a dire elephant
 26699 | Lair:6   | Killed a dire elephant
 27026 | Lair:6   | Reached XP level 15. HP: 61/120 MP: 24/24
 27723 | Lair:6   | Found a staircase to the Slime Pits.
 29539 | Lair:6   | Got a garnet-encrusted chain mail
 29550 | Lair:6   | Identified the cursed +1 chain mail "Gafet" {-Tele rC+
                  | Regen+} (You found it on level 6 of the Lair of Beasts)
 29551 | Lair:6   | Got a wavering glass ring
 29553 | Lair:6   | Identified the ring "Xadu" {rC+ Will+++ Dex-3} (You found
                  | it on level 6 of the Lair of Beasts)
 29628 | Lair:6   | Reached skill level 15 in Axes
 30041 | Orc:1    | Entered Level 1 of the Orcish Mines
 30041 | Orc:1    | Found Hymid's Magic Scroll Boutique.
 30042 | Orc:1    | Found Runow's Weapon Emporium.
 30110 | Orc:1    | Found Goatoyss's Assorted Antiques.
 30129 | Orc:1    | Found Tatsuss's Distillery.
 30269 | Orc:1    | Noticed Snorg
 30287 | Orc:1    | Killed Snorg
 30593 | Orc:1    | Found Peerrots's Assorted Antiques.
 30835 | Orc:2    | Entered Level 2 of the Orcish Mines
 31072 | Orc:2    | Found a staircase to the Elven Halls.
 31727 | Orc:2    | Found Haxkyipri's General Store.
 31766 | Orc:2    | Found Uwinkuidgh's General Store.
 32017 | Orc:2    | Reached skill level 5 in Evocations
 32280 | Orc:2    | Reached XP level 16. HP: 82/129 MP: 25/25
 33185 | Orc:2    | Found Etzetycs's Antique Armour Shoppe.
 33185 | Orc:2    | Found Zeot's Book Emporium.
 33186 | Orc:2    | Found a one-way gate leading to the halls of Pandemonium.
 33908 | D:13     | Identified the +5 hunting sling of Tiusujum {freeze, rPois
                  | rF+ Str+2 Dex+4} (You found it on level 13 of the Dungeon)
 34625 | D:13     | Found a gate to the Vaults.
 35346 | D:14     | Reached skill level 16 in Axes
 35423 | D:14     | Noticed a sphinx
 35438 | D:14     | Killed a sphinx
 36184 | D:15     | Entered Level 15 of the Dungeon
 36611 | D:15     | Reached XP level 17. HP: 131/136 MP: 27/27
 37369 | D:15     | Found a shadowy altar of Dithmenos.
 38251 | D:15     | Found a staircase to the Depths.
 38505 | Swamp:1  | Entered Level 1 of the Swamp
 42732 | Swamp:4  | Entered Level 4 of the Swamp
 42923 | Swamp:4  | Reached XP level 18. HP: 134/145 MP: 28/28
 43133 | Swamp:4  | Reached skill level 17 in Axes
 44586 | Swamp:4  | Killed by an exploding bloated husk

Illustrated notes

Levels and vault maps discovered:
D:1:      sevenhm_arrival_forest_fort_large_4, layout_basic, serial_forest,
          infiniplex_forest_zigzag_1, infiniplex_forest_clump_diagonal,
          infiniplex_forest_fountain, infiniplex_forest_lined_1,
          infiniplex_forest_corner_1, infiniplex_forest_lined_room_,
          infiniplex_forest_straight_2, infiniplex_forest_end_3
D:2:      minmay_recursive_quarters, layout_basic
D:3:      layout_rooms, serial_forest, infiniplex_forest_zigzag_1,
          infiniplex_forest_lined_3, infiniplex_forest_lined_room_3,
          infiniplex_forest_clump_diagonal, infiniplex_forest_zigzag_1,
          infiniplex_forest_clump_small, infiniplex_forest_straight_4,
          infiniplex_forest_clump_double, okawaru_altar_gauntlet_db, uniq_ijyb,
          uniq_natasha
D:4:      layout_gridville, minmay_temple_entry_arrows,
          kennysheep_decorative_pillar, serial_bayou_lake_a
D:5:      layout_loops_ring, serial_shops, shop, kb_lookout_dungeons_type,
          lemuel_blue_sif_altar
D:6:      layout_basic, makhleb_grotto_becter
D:7:      kennysheep_kobold_camp, layout_basic, serial_shops,
          nicolae_shop_behind_doors
D:8:      layout_basic, serial_shops, shop, uniq_harold, uniq_joseph
D:9:      layout_cave_pools, minmay_lair_entry_grove,
          hangedman_abyss_or_decor_slice, nicolae_ru_sacrificial_ziggurat
D:10:     layout_roguey, special_room [special_room_orc], blue_anna_alchemist
          [blue_anna_fruit_fields, blue_anna_fruit_fields]
D:11:     layout_stronghold, orc_david_3, portal_ice_cave_entry_pillars_1,
          gauntlet_entry_generic
D:12:     layout_roguey, serial_shops,
          nicolae_shop_temple_entry_statues_fountains, shop, shop,
          nicolae_shop_crystal, shop_fountains, lemuel_angel_altar, uniq_jorgrun
D:13:     layout_long_grid, hangedman_vaults_entry_quadrant_bands,
          minmay_misc_feat_enclosed
D:14:     minmay_inside_and_out, layout_long_grid, chequers_avenue
D:15:     hangedman_depths_entry_try_elsewhere_first, layout_stronghold,
          nrook_uturn, minivault_15, grunt_dithmenos_shadows
Temple:   kilobyte_greek_temple
Lair:1:   layout_cave_pods, beast_lair_carwin_9, grunt_megastairs_2, uniq_maggie
Lair:2:   layout_layer_cave, minmay_swamp_entry_reptiles,
          minmay_snake_entry_guardpost_small
Lair:3:   layout_concentric_octagons, roderic_batcave, grunt_megastairs_4
Lair:4:   layout_loops_ring, enter_volcano_2, infiniplex_staircase_pool_2
Lair:5:   layout_misc_corridors, basic_altar, gammafunk_ghost_hydra_chop
Lair:6:   gammafunk_lair_ancient_temple, layout_long_grid,
          minmay_slime_entry_pillars, minmay_lair_oklob_chamber
Swamp:1:  layout_falls_marsh, nicolae_swamp_trees_clearing, swamp_pool4,
          kb_tengu_band, infiniplex_staircase_pool
Swamp:2:  layout_falls_marsh, evilmike_swamp_ruin_house_4, swamp_pool2,
          nicolae_swamp_oklob_treasure_island
Swamp:3:  layout_basic_swamp, evilmike_swamp_ruin_house_3, swamp_pool4
Swamp:4:  swamp_pestilence, layout_basic_swamp, swamp_pool3
Orc:1:    layout_diamond_mine, serial_shops,
          nicolae_shop_temple_entry_statues_fountains, shop, shop_statue, shop,
          shop, uniq_snorg
Orc:2:    pf_orc_diabolical, layout_caves

Skill      XL: |  1  2  3  4  5  6  7  8  9 10 11 12 13 14 15 16 17 18 |
---------------+-------------------------------------------------------+-----
Dodging        | 1 |  1.0
Axes           | 3 4 5 6 8 9 11 12 13 14 15 16 17 | 17.0
Invocations    | 3 4 5 7 8 9 10 11 12 13 14 | 14.6
Armour         | 3 4 5 6 7 8 9 10 11 12 13 | 13.6
Fighting       | 4 5 7 9 10 11 12 13 | 13.9
Shields        | 1 3 5 6 8 9 10 11 12 13 14 | 14.0
Evocations     | 2 5 6 8 |  8.6

Action                   |  1- 3 |  4- 6 |  7- 9 | 10-12 | 13-15 | 16-18 || total
-------------------------+-------+-------+-------+-------+-------+-------++-------
Melee: Hand axe          |   116 |    58 |       |       |       |       ||   174
       Dagger            |     4 |   136 |   378 |     6 |       |       ||   524
       War axe           |       |    30 |   132 |       |       |       ||   162
       Flail             |       |       |    67 |       |       |       ||    67
       Battleaxe         |       |       |     4 |   513 |   960 |   942 ||  2419
       Great mace        |       |       |       |       |    77 |    27 ||   104
Throw: Dart              |       |       |     2 |    22 |    64 |    17 ||   105
Invok: Depart the Abyss  |     1 |       |       |       |       |       ||     1
       Bend Space        |       |       |       |     5 |    20 |     5 ||    30
 Abil: Dig               |       |       |     2 |     5 |     6 |     4 ||    17
Evoke: Wand              |       |       |       |     1 |     3 |       ||     4
       Box of beasts     |       |       |       |       |     1 |       ||     1
  Use: Scroll            |       |     1 |     9 |     5 |    16 |     6 ||    37
       Potion            |       |       |     2 |     3 |       |     1 ||     6
 Stab: Distracted        |       |       |       |       |       |     1 ||     1
Armor: Leather armour    |    27 |    13 |       |       |       |       ||    40
       Scale mail        |       |    55 |       |       |       |       ||    55
       Chain mail        |       |    48 |   255 |       |       |       ||   303
       Plate armour      |       |       |    64 |   282 |   398 |   365 ||  1109
       Swamp dragon scal |       |       |       |       |    49 |       ||    49
Dodge: Dodged            |    70 |   133 |   134 |   144 |   277 |   171 ||   929
Block: Kite shield       |       |       |   236 |   299 |    59 |       ||   594
       Tower shield      |       |       |       |       |  1141 |  1044 ||  2185
       Reflection        |       |       |       |       |    42 |    72 ||   114

Table legend: (Time is in decaauts)
 A = Elapsed time spent in this place.
 B = Non-inter-level travel time spent in this place.
 C = Inter-level travel time spent in this place.
 D = Time resting spent in this place.
 E = Time spent auto-exploring this place.
 F = Levels seen in this place.
 G = Mean time per level.
                   A        B        C        D        E       F      G
               +--------+--------+--------+--------+--------+-----+--------+
         Total |  45483 |  43015 |   2468 |  17047 |  12936 |  31 | 1467.2 |
       Dungeon |  24077 |  22526 |   1551 |   8710 |   6683 |  15 | 1605.1 |
        Temple |    143 |    136 |      7 |      0 |    135 |   1 |  143.0 |
          Lair |   9711 |   9024 |    687 |   2953 |   3608 |   6 | 1618.5 |
         Swamp |   6425 |   6280 |    145 |   2885 |   1746 |   4 | 1606.2 |
  Orcish Mines |   3411 |   3335 |     76 |   1627 |    670 |   2 | 1705.5 |
         Abyss |     90 |     90 |      0 |      0 |      0 |   1 |   90.0 |
      Ice Cave |   1197 |   1197 |      0 |    706 |     93 |   1 | 1197.0 |
       Volcano |    425 |    425 |      0 |    165 |      0 |   1 |  425.0 |
               +--------+--------+--------+--------+--------+-----+--------+

Top non-repeatable levels by time:
  Lair:6: 2982 daAuts
   Orc:2: 2644 daAuts
     D:2: 2523 daAuts
    D:11: 2368 daAuts
 Swamp:3: 1933 daAuts
     D:7: 1923 daAuts
     D:6: 1750 daAuts
     D:5: 1738 daAuts
  Lair:1: 1737 daAuts
 Swamp:1: 1662 daAuts
    D:15: 1644 daAuts
     D:1: 1609 daAuts
     D:4: 1573 daAuts
    D:14: 1542 daAuts
  Lair:5: 1509 daAuts
